 Dungeon Crawl Stone Soup version 0.31-a0-851-g7ff8af7976 (webtiles) character file.

Game seed: 14754306939710231910

404 BinkBink the Skirmisher (level 6, -4/37 HPs)
             Began as a Deep Elf Hunter on Oct 7, 2023.
             Was an Initiate of Dithmenos.
             Shot with a sling bullet by a gnoll (10 damage)
             ... on level 4 of the Dungeon.
             The game lasted 00:05:32 (3654 turns).

BinkBink the Skirmisher (Deep Elf Hunter)           Turns: 3654, Time: 00:05:33

Health: -4/37      AC:  0    Str:  5 (8)  XL:     6   Next: 56%
Magic:  8/8        EV: 14    Int: 14      God:    Dithmenos [......]
Gold:   261        SH:  0    Dex: 18 (20) Spells: 5/5 levels left

rFire   . . .        a - +1 shortbow
rCold   . . .        (shield currently unavailable)
rNeg    . . .        (no body armour)
rPois   .            (no helmet)
rElec   .            e - scarf {+Inv}
rCorr   .            (no gloves)
SInv    +            (no boots)
Will    .....        p - amulet of regeneration
Stlth   ++           n - ring of see invisible
HPRegen 1.06/turn    (no ring)
MPRegen 0.11/turn

%: no passive effects
@: no status effects
A: no striking features
a: Renounce Religion, Evoke Invisibility


You were on level 4 of the Dungeon.
You worshipped Dithmenos.
Dithmenos was noncommittal.
You visited 2 branches of the dungeon, and saw 5 of its levels.

You collected 261 gold pieces.

Inventory:

Hand Weapons
 a - a +1 shortbow (weapon)
Missiles
 r - a throwing net
Armour
 e - a scarf of invisibility (worn)
Jewellery
 n - a ring of see invisible (left hand)
 p - an amulet of regeneration (around neck)
Scrolls
 d - a scroll of revelation {unknown}
 f - a scroll of vulnerability
 g - a scroll of immolation
 h - 3 scrolls of noise
 i - 3 scrolls of teleportation
 k - 3 scrolls of identify
 m - a scroll of acquirement {unknown}
 o - a scroll of brand weapon {unknown}
Potions
 b - 2 potions of heal wounds {unknown}
 c - 3 potions of brilliance {unknown}
 j - 3 potions of curing
 l - 2 potions of attraction {unknown}
 q - 2 potions of enlightenment {unknown}
 s - 2 potions of magic {unknown}


   Skills:
 + Level 3.1 Fighting
 * Level 8.3 Ranged Weapons
 + Level 4.6 Dodging
 - Level 1.2 Stealth


You had 5 spell levels left.
You didn't know any spells.
Your spell library contained the following spells:

 Spells                   Type           Power      Damage    Failure   Level
 Ensorcelled Hibernation  Hex/Ice        0%         N/A       41%         2
 Passwall                 Tmut/Erth      0%         N/A       41%         2
 Poisonous Vapours        Pois/Air       0%         N/A       41%         2
 Mephitic Cloud           Conj/Pois/Air  0%         N/A       65%         3
 Swiftness                Air            0%         N/A       65%         3
 Freezing Cloud           Conj/Ice/Air   0%         6-21      100%        5


Dungeon Overview and Level Annotations

Branches:
Dungeon (4/15)             Temple (1/1) D:4

Altars:
Ashenzari
Cheibriados
Dithmenos
Gozag
Hepliaklqana
Nemelex Xobeh
Qazlal
Sif Muna
Uskayaw
Vehumet
Wu Jian
Yredelemnul


Message History

The gnoll is heavily wounded.
You shoot an arrow. The arrow hits the gnoll.
The gnoll is almost dead.
The gnoll misses you.
You shoot an arrow. The arrow hits the gnoll!
You kill the gnoll!
Dithmenos accepts your kill.
The gnoll shoots a sling bullet.
The sling bullet misses you.
You shoot an arrow.
The arrow hits the gnoll but does no damage.
You shoot an arrow.
The arrow hits the gnoll but does no damage.
The gnoll shoots a sling bullet.
The sling bullet closely misses you.
You shoot an arrow. The arrow hits the gnoll.
The gnoll is lightly wounded.
The gnoll shoots a sling bullet.
The sling bullet hits you!
You shoot an arrow. The arrow closely misses the gnoll.
The gnoll shoots a sling bullet.
The sling bullet closely misses you.
You shoot an arrow. The arrow closely misses the gnoll.
The gnoll shoots a sling bullet.
The sling bullet hits you.
You shoot an arrow. The arrow hits the gnoll.
The gnoll is moderately wounded.
The gnoll shoots a sling bullet.
The sling bullet hits you.
You shoot an arrow. The arrow closely misses the gnoll.
The gnoll shoots a sling bullet.
The sling bullet completely misses you.
You shoot an arrow. The arrow closely misses the gnoll.
The gnoll shoots a sling bullet.
The sling bullet misses you.
You shoot an arrow. The arrow hits the gnoll.
The gnoll is moderately wounded.
The gnoll shoots a sling bullet.
The sling bullet hits you!
You are too injured to fight recklessly!
You are too injured to fight recklessly!
You are too injured to fight recklessly!
The gnoll shoots a sling bullet.
The sling bullet barely misses you.
The gnoll shoots a sling bullet.
The sling bullet completely misses you.
The gnoll shoots a sling bullet.
The sling bullet hits you.
The gnoll shoots a sling bullet.
The sling bullet hits you!
* * * LOW HITPOINT WARNING * * *
The gnoll shoots a sling bullet.
The sling bullet hits you!
You die...

...'.................. ######..##
...#.................. ##..##
+###....#'##.......... ....#....#
........#..#......... ....#....#
...[....#..#.....##'###....#....#
....#####..#.....#....#....#...##
....#b.....#.....#....#....#...#
....#b.##..#.....#....#....#...#
....#b.##..#....@###'##....#...#
...)[...#.o#............)..+...#
....#####..######......g...#
....#..##.b.....#.......)..#
....#...'.......#.............
....#..##..###..#.........)...
....#..##..##########'#.......
....#......o....#.....#####......
....#..##.......#.........+......


You could see a gnoll.

Vanquished Creatures
  A hound (D:4)
  An iron imp (D:3)
  2 orc priests
  2 jellies (D:4)
  An iguana (D:4)
  An orc wizard (D:3)
  2 gnolls (D:4)
  6 adders
  2 worms
  3 dart slugs
  7 orcs
  5 endoplasms
  6 giant cockroaches
  7 goblins
  8 hobgoblins
  2 jackals (D:2)
  2 quokkas
  9 ball pythons
  7 bats
  7 frilled lizards
  6 kobolds
  6 rats
93 creatures vanquished.

Notes
Turn   | Place    | Note
-------+----------+-------------------------------------------
     0 | D:1      | BinkBink the Deep Elf Hunter began the quest for the Orb.
     0 | D:1      | Reached XP level 1. HP: 12/12 MP: 3/3
   234 | D:1      | Reached XP level 2. HP: 17/17 MP: 4/4
   672 | D:1      | Reached skill level 6 in Ranged Weapons
   912 | D:1      | Reached XP level 3. HP: 10/21 MP: 5/5
  1586 | D:2      | Reached XP level 4. HP: 26/26 MP: 6/6
  2165 | D:3      | Found a snail-covered altar of Cheibriados.
  2174 | D:3      | Reached skill level 7 in Ranged Weapons
  2174 | D:3      | Reached XP level 5. HP: 25/31 MP: 7/7
  2643 | D:3      | Identified the +1 short sword of Faerecex {antimagic, rC+
                  | rCorr}
  2937 | D:4      | Noticed an ogre
  3094 | D:4      | Reached XP level 6. HP: 31/36 MP: 8/8
  3162 | D:4      | Reached skill level 8 in Ranged Weapons
  3380 | D:4      | Found a staircase to the Ecumenical Temple.
  3388 | Temple   | Entered the Ecumenical Temple
  3406 | Temple   | Became a worshipper of Dithmenos the Shadowed
  3654 | D:4      | Shot with a sling bullet by a gnoll

Illustrated notes

Levels and vault maps discovered:
D:1:      zaba_arrival_water, layout_loops_corners, serial_forest,
          infiniplex_forest_straight_2, infiniplex_forest_corner_1,
          infiniplex_forest_corner_2, infiniplex_forest_fountain,
          infiniplex_forest_straight_2, chequers_arboretum, minmay_3d_cube
D:2:      layout_loops_ring, minmay_gold_behind_fungi,
          kennysheep_generic_room_13
D:3:      layout_basic, slow_altar_2, minmay_joined_circles
D:4:      layout_gridville, minmay_temple_entry_glassed_door,
          grunt_decor_mini_mirrors
Temple:   nicolae_temple_ecumenical_triangle

Skill      XL: |  1  2  3  4  5  6 |
---------------+-------------------+-----
Ranged Weapons | 6 7 8 |  8.3
Dodging        | 3 4 |  4.6
Fighting       | 2 3 |  3.1
Stealth        | |  1.2

Action                     |  1- 3 |  4- 6 || total
---------------------------+-------+-------++-------
   Fire: Shortbow          |   113 |   168 ||   281
    Use: Scroll            |       |    11 ||    11
         Potion            |       |     3 ||     3
 Armour: Skin              |    13 |    27 ||    40
  Dodge: Dodged            |    18 |    43 ||    61

Table legend: (Time is in decaauts)
 A = Elapsed time spent in this place.
 B = Non-inter-level travel time spent in this place.
 C = Inter-level travel time spent in this place.
 D = Time resting spent in this place.
 E = Time spent auto-exploring this place.
 F = Levels seen in this place.
 G = Mean time per level.
                   A        B        C        D        E       F      G
               +--------+--------+--------+--------+--------+-----+--------+
         Total |   3677 |   3495 |    182 |     47 |   2900 |   5 |  735.4 |
       Dungeon |   3641 |   3492 |    149 |     47 |   2900 |   4 |  910.2 |
        Temple |     35 |      2 |     33 |      0 |      0 |   1 |   35.0 |
               +--------+--------+--------+--------+--------+-----+--------+

Top non-repeatable levels by time:
     D:1: 1085 daAuts
     D:3: 994 daAuts
     D:2: 814 daAuts
     D:4: 747 daAuts
  Temple: 35 daAuts
